Checkers vs Barracuda

Created - Saturday, February 27, 2016 at 01:35

Goals
1 2 3 T
Checkers 1 2 0 3
Barracuda 0 0 0 0
Shots
1 2 3 T
Checkers 18 11 9 38
Barracuda 4 2 6 12

1st period

1. Checkers , Ben Chiarot 23 (Adam Cracknell) at 3:21 (PP)

Penalties :
Mark McNeill (SJO) for Holding (Minor) at 0:29, Eric Selleck (SJO) for Interference (Minor) at 3:03, Dominik Uher (SJO) for Cross-checking (Minor) at 4:53, Mark Fistric (SJO) for Fighting (Major) at 9:49, Triston Grant (CHA) for Fighting (Major) at 9:49, Brendan Mikkelson (SJO) for Roughing (Minor) at 10:42, Mark Fistric (SJO) for High sticking (Minor) at 16:02, Mike Halmo (SJO) for High sticking (Minor) at 18:09

2nd period

2. Checkers , Jason Chimera 22 (Ben Chiarot, Jim O'Brien) at 0:45
3. Checkers , Jason Chimera 23 (Andrew Ebbett) at 1:16

Penalties :
Alexandre Bolduc (SJO) for Tripping (Minor) at 7:06

3rd period

No Goal

Penalties :
Petteri Lindbohm (CHA) for High sticking (Minor) at 16:04, Brandon Mashinter (CHA) for Interference (Minor) at 18:14

Goalie Stats

Drew MacIntyre (CHA), 12 saves from 12 shots - (1.000), W, 42-9-16, 60:00 minutes
David Leggio (SJO), 35 saves from 38 shots - (0.921), L, 5-5-5, 60:00 minutes

Players Stats for Checkers

Player Name              G  A  P  +/- PIM S  H  SB GA TA FO     MP     PP MP  PK MP  
------------------------------------------------------------------------------------
Aaron Ness               0  0  0   0  0   2  2  0  0  1  0/0    14:47   0:00   1:52 
Adam Cracknell           0  1  1   0  0   1  5  0  4  0  1/13   17:53   6:13   0:00 
Alexey Marchenko         0  0  0   2  0   5  1  2  3  0  0/0    23:09   6:24   1:04 
Andrew Ebbett            0  1  1   2  0   2  2  0  4  0  8/10   17:43   5:01   0:00 
Andrew Gordon            0  0  0   0  0   2  2  0  0  0  0/0    17:48   6:39   0:00 
Ben Chiarot              1  1  2   2  0   7  5  1  2  1  0/0    22:03   6:24   0:00 
Brandon Mashinter        0  0  0   0  2   0  7  0  0  0  0/1    17:25   6:17   0:00 
Domenic Monardo          0  0  0   0  0   0  1  0  1  0  7/10   13:44   0:10   2:05 
Jason Chimera            2  0  2   2  0   4  1  0  5  0  0/0    17:46   5:55   0:00 
Jim O'Brien              0  1  1   2  0   1  3  0  1  0  0/0    17:40   5:49   0:00 
Josh Gratton             0  0  0   0  0   1  0  0  0  1  3/3     9:33   0:00   0:00 
Julien Brouillette       0  0  0   0  0   1  0  0  1  0  0/0    14:47   0:00   1:52 
Peter Harrold            0  0  0   0  0   3  0  0  1  3  0/0    23:10   5:48   1:52 
Petteri Lindbohm         0  0  0   0  2   1  0  1  2  2  0/0    22:05   5:48   0:48 
Sean Backman             0  0  0   0  0   2  0  0  0  0  0/0    13:34   0:00   2:05 
Triston Grant            0  0  0   0  5   2  1  0  1  0  0/0    10:06   0:00   0:00 
Wacey Hamilton           0  0  0   0  0   1  0  0  1  0  4/8    11:46   0:32   1:39 
Willie Coetzee           0  0  0   0  0   3  0  1  1  0  0/0    11:14   0:00   1:39 

Players Stats for Barracuda

Player Name              G  A  P  +/- PIM S  H  SB GA TA FO     MP     PP MP  PK MP  
------------------------------------------------------------------------------------
Alexandre Bolduc         0  0  0  -1  2   5  2  0  3  1  1/1    22:05   1:29   4:05 
Brendan Mikkelson        0  0  0  -1  2   0  2  1  0  3  0/0    24:34   2:02   7:35 
Christian Folin          0  0  0  -1  0   0  1  0  1  4  0/0    26:17   2:02   7:41 
Colin Smith              0  0  0  -1  0   2  0  0  3  0  3/6    19:14   1:33   4:08 
Danny Syvret             0  0  0   0  0   0  0  0  0  0  0/0     0:38   0:00   0:06 
David Van Der Gulik      0  0  0  -1  0   0  1  1  1  0  1/1    14:30   1:11   0:00 
Dominik Uher             0  0  0  -1  2   3  0  1  1  1  6/7    20:53   1:53   6:02 
Eric Selleck             0  0  0   0  2   0  1  0  2  0  1/1    14:40   0:42   0:04 
John Kurtz               0  0  0   0  0   0  0  0  0  0  0/0     1:53   0:00   0:00 
Jyrki Jokipakka          0  0  0   0  0   0  0  2  1  2  0/0    13:29   0:00   0:00 
Marek Hrivik             0  0  0   0  0   0  0  0  0  0  0/0     6:11   0:00   0:00 
Mark Fistric             0  0  0   0  7   0  0  1  1  0  0/0    12:05   0:00   0:00 
Mark McNeill             0  0  0  -1  2   0  2  0  0  2  1/4    21:57   1:34   5:22 
Maxime Fortunus          0  0  0  -1  0   1  1  0  0  1  0/0    21:36   1:42   4:31 
Mike Halmo               0  0  0   0  2   0  0  0  1  1  0/1    13:33   0:37   0:00 
Rylan Schwartz           0  0  0   0  0   1  2  3  0  2  4/9    18:22   0:17   4:43 
Taylor Chorney           0  0  0  -1  0   0  0  2  0  2  0/0    21:36   1:42   4:31 
Vincent Lecavalier       0  0  0  -1  0   0  1  0  2  0  5/15   14:07   1:56   0:00 

3 Stars

1 - Ben Chiarot (CHA)
2 - Jason Chimera (CHA)
3 - Drew MacIntyre (CHA)

Power Play

Checkers - 1 on 7 Attempt(s) - 14.29%
Barracuda - 0 on 2 Attempt(s) - 0.00%

Penalty Kill

Checkers - 2 on 2 Attempt(s) - 100.00% - Score 0 goal in Penalty Kill
Barracuda - 6 on 7 Attempt(s) - 85.71% - Score 0 goal in Penalty Kill

Team Stat

Checkers - Hits : 30 - Faceoff Wins : 23 - Blocked Shots : 5 - Penalty Minutes : 9
Barracuda - Hits : 13 - Faceoff Wins : 22 - Blocked Shots : 11 - Penalty Minutes : 19

Official

Referees : Unknown
Linesman : Unknown

Game Notes

Mark Fistric and Triston Grant fight to a draw at 9:49 of 1st period

Finance

Level 1 -- Attendance: 1526 (76.30%) -- Ticket Income $53,410
Level 2 -- Attendance: 765 (76.50%) -- Ticket Income $11,475
Total Attendance: 2291 (76.37%)
Total Ticket Income: $64,885
Other Income: $31,794
Total Income: $96,679

Checkers

5 vs 5 Forward 
   Center                   Left Wing                Right Wing               Time % Phy DF OF 
 1 Andrew Ebbett            Jason Chimera            Jim O'Brien              28     1   1  3  
 2 Adam Cracknell           Brandon Mashinter        Andrew Gordon            27     1   1  3  
 3 Domenic Monardo          Triston Grant            Sean Backman             25     1   2  2  
 4 Wacey Hamilton           Josh Gratton             Willie Coetzee           20     1   2  2  

5 vs 5 Defense 
   Defense                  Defense                                           Time % Phy DF OF 
 1 Peter Harrold            Petteri Lindbohm                                  35     1   2  2  
 2 Ben Chiarot              Alexey Marchenko                                  35     1   2  2  
 3 Aaron Ness               Julien Brouillette                                30     1   2  2  
 4 Peter Harrold            Petteri Lindbohm                                  0      1   2  2  

PowerPlay Forward 
   Center                   Left Wing                Right Wing               Time % Phy DF OF 
 1 Andrew Ebbett            Jason Chimera            Jim O'Brien              50     0   1  4  
 2 Adam Cracknell           Brandon Mashinter        Andrew Gordon            50     0   1  4  

PowerPlay Defense
   Defense                  Defense                                           Time % Phy DF OF 
 1 Peter Harrold            Petteri Lindbohm                                  50     0   1  4  
 2 Alexey Marchenko         Ben Chiarot                                       50     0   1  4  

Penalty Kill 4 Players Forward 
   Center                   Wing                     Time % Phy DF OF 
 1 Wacey Hamilton           Willie Coetzee           50     0   4  1  
 2 Domenic Monardo          Sean Backman             50     0   4  1  

Penalty Kill 4 Players Defense
   Defense                  Defense                  Time % Phy DF OF 
 1 Aaron Ness               Julien Brouillette       50     0   4  1  
 2 Peter Harrold            Petteri Lindbohm         50     0   4  1  

Penalty Kill - 3 Players Forward 
   Forward                                           Time % Phy DF OF 
 1 Wacey Hamilton                                    50     0   5  0  
 2 Domenic Monardo                                   50     0   5  0  

Penalty Kill - 3 Players Defense
   Defense                  Defense                  Time % Phy DF OF 
 1 Aaron Ness               Julien Brouillette       50     0   5  0  
 2 Peter Harrold            Petteri Lindbohm         50     0   5  0  

4 vs 4 Forward 
   Center                   Wing                     Time % Phy DF OF 
 1 Andrew Ebbett            Jason Chimera            50     1   2  2  
 2 Adam Cracknell           Andrew Gordon            50     1   2  2  

4 vs 4 Defense
   Defense                  Defense                  Time % Phy DF OF 
 1 Peter Harrold            Petteri Lindbohm         50     1   2  2  
 2 Alexey Marchenko         Ben Chiarot              50     1   2  2  

Last Minutes Offensive
   Center                   Left Wing                Right Wing               Defense                  Defense                  
   Andrew Ebbett            Jason Chimera            Adam Cracknell           Peter Harrold            Ben Chiarot              

Last Minutes Defensive
   Center                   Left Wing                Right Wing               Defense                  Defense                  
   Andrew Ebbett            Jason Chimera            Adam Cracknell           Peter Harrold            Ben Chiarot              

Goaltenders
Starting : Drew MacIntyre           
Backup : FARM GOALIE13            

Extra Forwards
Normal : Andrew Ebbett, Jason Chimera, Adam Cracknell - PP : Andrew Ebbett, Jason Chimera - PK : Andrew Ebbett
Extra Defensemen
Normal : Alexey Marchenko, Ben Chiarot, Petteri Lindbohm - PP : Alexey Marchenko - PK : Alexey Marchenko, Ben Chiarot
Penalty Shots
Andrew Ebbett, Jim O'Brien, Andrew Gordon, Brandon Mashinter, Domenic Monardo

Barracuda

5 vs 5 Forward 
   Center                   Left Wing                Right Wing               Time % Phy DF OF 
 1 Vincent Lecavalier       Alexandre Bolduc         Mark McNeill             35     1   2  2  
 2 Colin Smith              Dominik Uher             David Van Der Gulik      30     1   2  2  
 3 Rylan Schwartz           Eric Selleck             Mike Halmo               22     1   2  2  
 4 Mark McNeill             Alexandre Bolduc         Marek Hrivik             13     1   2  2  

5 vs 5 Defense 
   Defense                  Defense                                           Time % Phy DF OF 
 1 Christian Folin          Brendan Mikkelson                                 35     1   2  2  
 2 Maxime Fortunus          Taylor Chorney                                    30     1   2  2  
 3 Mark Fistric             Jyrki Jokipakka                                   22     1   2  2  
 4 Christian Folin          Brendan Mikkelson                                 13     1   2  2  

PowerPlay Forward 
   Center                   Left Wing                Right Wing               Time % Phy DF OF 
 1 Vincent Lecavalier       Alexandre Bolduc         Mark McNeill             60     1   2  2  
 2 Colin Smith              Dominik Uher             David Van Der Gulik      40     1   2  2  

PowerPlay Defense
   Defense                  Defense                                           Time % Phy DF OF 
 1 Christian Folin          Brendan Mikkelson                                 60     1   2  2  
 2 Maxime Fortunus          Taylor Chorney                                    40     1   2  2  

Penalty Kill 4 Players Forward 
   Center                   Wing                     Time % Phy DF OF 
 1 Dominik Uher             Mark McNeill             60     1   2  2  
 2 Alexandre Bolduc         Colin Smith              40     1   2  2  

Penalty Kill 4 Players Defense
   Defense                  Defense                  Time % Phy DF OF 
 1 Christian Folin          Brendan Mikkelson        60     1   2  2  
 2 Maxime Fortunus          Taylor Chorney           40     1   2  2  

Penalty Kill - 3 Players Forward 
   Forward                                           Time % Phy DF OF 
 1 Alexandre Bolduc                                  60     1   2  2  
 2 Mark McNeill                                      40     1   2  2  

Penalty Kill - 3 Players Defense
   Defense                  Defense                  Time % Phy DF OF 
 1 Christian Folin          Brendan Mikkelson        60     1   2  2  
 2 Maxime Fortunus          Taylor Chorney           40     1   2  2  

4 vs 4 Forward 
   Center                   Wing                     Time % Phy DF OF 
 1 Eric Selleck             Mark McNeill             60     1   2  2  
 2 Alexandre Bolduc         Colin Smith              40     1   2  2  

4 vs 4 Defense
   Defense                  Defense                  Time % Phy DF OF 
 1 Christian Folin          Brendan Mikkelson        60     1   2  2  
 2 Maxime Fortunus          Taylor Chorney           40     1   2  2  

Last Minutes Offensive
   Center                   Left Wing                Right Wing               Defense                  Defense                  
   Vincent Lecavalier       Alexandre Bolduc         Mark McNeill             Christian Folin          Brendan Mikkelson        

Last Minutes Defensive
   Center                   Left Wing                Right Wing               Defense                  Defense                  
   Vincent Lecavalier       Alexandre Bolduc         Mark McNeill             Christian Folin          Brendan Mikkelson        

Goaltenders
Starting : David Leggio             
Backup : Joey MacDonald           

Extra Forwards
Normal : Mark McNeill, Eric Selleck, Rylan Schwartz - PP : Mark McNeill, Eric Selleck - PK : Rylan Schwartz
Extra Defensemen
Normal : Mark Fistric, Christian Folin, Maxime Fortunus - PP : Mark Fistric - PK : Brendan Mikkelson, Maxime Fortunus
Penalty Shots
Rylan Schwartz, Mark McNeill, Alexandre Bolduc, Colin Smith, Dominik Uher

% Time on Ice - Checkers

Lines # - Real PCT - Wanted PCT - Time Play
Normal Forward
1 - 27% - 28% - 11:53
2 - 25% - 27% - 11:09
3 - 26% - 25% - 11:29
4 - 22% - 20% - 9:33
Normal Defense
1 - 35% - 35% - 15:28
2 - 36% - 35% - 15:41
3 - 29% - 30% - 12:55
4 - 0% - 0% - 0:00
PP Forward
1 - 48% - 50% - 5:55
2 - 52% - 50% - 6:17
PP Defense
1 - 48% - 50% - 5:48
2 - 52% - 50% - 6:24
PK Forward
1 - 44% - 50% - 1:39
2 - 56% - 50% - 2:05
PK Defense
1 - 50% - 50% - 1:52
2 - 50% - 50% - 1:52
PK3 Forward
1 - 0% - 50%
2 - 0% - 50%
PK3 Defense
1 - 0% - 50%
2 - 0% - 50%
44 Forward
1 - 0% - 50%
2 - 0% - 50%
44 Defense
1 - 0% - 50%
2 - 0% - 50%
Last Minute Offensive  - 0:00
Last Minute Defensive  - 0:00
Total
Forward - 60:00
Defense - 60:00

% Time on Ice - Barracuda

Lines # - Real PCT - Wanted PCT - Time Play
Normal Forward
1 - 28% - 35% - 12:24
2 - 30% - 30% - 13:05
3 - 28% - 22% - 12:24
4 - 14% - 13% - 6:11
Normal Defense
1 - 28% - 35% - 12:19
2 - 35% - 30% - 15:23
3 - 31% - 22% - 13:29
4 - 7% - 13% - 2:53
PP Forward
1 - 50% - 60% - 1:51
2 - 50% - 40% - 1:53
PP Defense
1 - 54% - 60% - 2:02
2 - 46% - 40% - 1:42
PK Forward
1 - 66% - 60% - 8:04
2 - 34% - 40% - 4:08
PK Defense
1 - 63% - 60% - 7:41
2 - 37% - 40% - 4:31
PK3 Forward
1 - 0% - 60%
2 - 0% - 40%
PK3 Defense
1 - 0% - 60%
2 - 0% - 40%
44 Forward
1 - 0% - 60%
2 - 0% - 40%
44 Defense
1 - 0% - 60%
2 - 0% - 40%
Last Minute Offensive  - 0:00
Last Minute Defensive  - 0:00
Total
Forward - 60:00
Defense - 60:00

Play by Play

1st period


0:01 of 1st period - Andrew Ebbett wins face-off versus Vincent Lecavalier in neutral zone.
0:29 of 1st period - Minor Penalty to Mark McNeill for Holding.
0:30 of 1st period - Dominik Uher wins face-off versus Adam Cracknell in Barracuda zone.
0:44 of 1st period - Christian Folin is hit by Brandon Mashinter and loses puck.
1:51 of 1st period - Jason Chimera is hit by Brendan Mikkelson and loses puck.
2:08 of 1st period - Wrist shot by Adam Cracknell.
2:08 of 1st period - Shot Misses the Net.
2:18 of 1st period - Brendan Mikkelson is hit by Brandon Mashinter and loses puck.
2:29 of 1st period - Penalty to Mark McNeill is over, Mark McNeill is back on ice.
3:03 of 1st period - Minor Penalty to Eric Selleck for Interference.
3:04 of 1st period - Dominik Uher wins face-off versus Adam Cracknell in Barracuda zone.
3:04 of 1st period - Dominik Uher is hit by Alexey Marchenko.
3:21 of 1st period - Wrist shot by Ben Chiarot.
3:21 of 1st period - Goal by Ben Chiarot - Checkers : 1 - Barracuda : 0.
3:22 of 1st period - Josh Gratton wins face-off versus Rylan Schwartz in neutral zone.
3:33 of 1st period - Slapshot by Alexey Marchenko.
3:33 of 1st period - Shot Blocked by Rylan Schwartz.
3:51 of 1st period - Slapshot by Alexey Marchenko.
3:51 of 1st period - Stopped by David Leggio with a rebound.
3:53 of 1st period - Backhand shot by Alexey Marchenko.
3:53 of 1st period - Stopped by David Leggio with a rebound.
3:55 of 1st period - Slapshot by Ben Chiarot.
3:55 of 1st period - Shot Blocked by Rylan Schwartz.
3:57 of 1st period - Snap shot by Willie Coetzee.
3:57 of 1st period - Shot Misses the Net.
3:59 of 1st period - Snap shot by Willie Coetzee.
3:59 of 1st period - Stopped by David Leggio with a rebound.
4:15 of 1st period - Colin Smith is hit by Ben Chiarot and loses puck.
4:23 of 1st period - Slapshot by Jyrki Jokipakka.
4:23 of 1st period - Deflect By Dominik Uher.
4:23 of 1st period - Shot Blocked by Ben Chiarot.
4:23 of 1st period - Puck is out of play.
4:24 of 1st period - Colin Smith wins face-off versus Adam Cracknell in Checkers zone.
4:40 of 1st period - Snap shot by Adam Cracknell.
4:40 of 1st period - Shot Misses the Net.
4:42 of 1st period - Snap shot by Andrew Gordon.
4:42 of 1st period - Shot Blocked by Dominik Uher.
4:44 of 1st period - Slapshot by Peter Harrold.
4:44 of 1st period - Stopped by David Leggio with a rebound.
4:46 of 1st period - Slapshot by Adam Cracknell.
4:46 of 1st period - Stopped by David Leggio with a rebound.
4:48 of 1st period - Slapshot by Peter Harrold.
4:48 of 1st period - Stopped by David Leggio with a rebound.
4:53 of 1st period - Minor Penalty to Dominik Uher for Cross-checking.
4:54 of 1st period - Andrew Ebbett wins face-off versus Rylan Schwartz in Barracuda zone.
4:58 of 1st period - Snap shot by Jim O'Brien.
4:58 of 1st period - Stopped by David Leggio with a rebound.
5:00 of 1st period - Slapshot by Peter Harrold.
5:00 of 1st period - Shot Misses the Net.
5:26 of 1st period - Wrist shot by Jason Chimera.
5:26 of 1st period - Shot Misses the Net.
5:28 of 1st period - Slapshot by Peter Harrold.
5:28 of 1st period - Shot Misses the Net.
5:52 of 1st period - Brendan Mikkelson is hit by Adam Cracknell and loses puck.
6:33 of 1st period - Wrist shot by Andrew Ebbett.
6:33 of 1st period - Stopped by David Leggio with a rebound.
6:39 of 1st period - Alexey Marchenko is hit by Rylan Schwartz.
6:53 of 1st period - Penalty to Dominik Uher is over, Dominik Uher is back on ice.
6:57 of 1st period - Slapshot by Ben Chiarot.
6:57 of 1st period - Shot Blocked by Taylor Chorney.
7:37 of 1st period - Slapshot by Sean Backman.
7:37 of 1st period - Shot Blocked by Mark Fistric.
7:39 of 1st period - Slapshot by Aaron Ness.
7:39 of 1st period - Stopped by David Leggio with a rebound.
7:41 of 1st period - Slapshot by Aaron Ness.
7:41 of 1st period - Stopped by David Leggio with a rebound.
7:43 of 1st period - Slapshot by Julien Brouillette.
7:43 of 1st period - Stopped by David Leggio without a rebound.
7:44 of 1st period - David Van Der Gulik wins face-off versus Wacey Hamilton in Barracuda zone.
7:54 of 1st period - Wrist shot by Colin Smith.
7:54 of 1st period - Stopped by Drew MacIntyre with a rebound.
8:07 of 1st period - Icing by Peter Harrold.
8:08 of 1st period - Wacey Hamilton wins face-off versus Vincent Lecavalier in Checkers zone.
8:22 of 1st period - Wrist shot by Alexandre Bolduc.
8:22 of 1st period - Deflect By Mark McNeill.
8:22 of 1st period - Shot Blocked by Petteri Lindbohm.
8:22 of 1st period - Puck is out of play.
8:23 of 1st period - Andrew Ebbett wins face-off versus Vincent Lecavalier in Checkers zone.
8:30 of 1st period - Mark McNeill is hit by Jim O'Brien and loses puck.
8:51 of 1st period - Wrist shot by Colin Smith.
8:51 of 1st period - Shot Misses the Net.
8:53 of 1st period - Snap shot by Dominik Uher.
8:53 of 1st period - Stopped by Drew MacIntyre without a rebound.
8:54 of 1st period - Colin Smith wins face-off versus Brandon Mashinter in Checkers zone.
8:55 of 1st period - Snap shot by David Van Der Gulik.
8:55 of 1st period - Shot Misses the Net.
9:26 of 1st period - Off-side.
9:27 of 1st period - Rylan Schwartz wins face-off versus Domenic Monardo in neutral zone.
9:32 of 1st period - Wrist shot by Rylan Schwartz.
9:32 of 1st period - Stopped by Drew MacIntyre with a rebound.
9:34 of 1st period - Snap shot by Mark Fistric.
9:34 of 1st period - Shot Misses the Net.
9:49 of 1st period - Mark Fistric and Triston Grant fight to a draw.
9:49 of 1st period - Penalty to Mark Fistric for Fighting.
9:49 of 1st period - Penalty to Triston Grant for Fighting.
9:50 of 1st period - Adam Cracknell wins face-off versus Vincent Lecavalier in Checkers zone.
9:50 of 1st period - Adam Cracknell is hit by Alexandre Bolduc.
9:56 of 1st period - Christian Folin is hit by Brandon Mashinter and loses puck.
10:03 of 1st period - Snap shot by Adam Cracknell.
10:03 of 1st period - Deflect By Andrew Gordon.
10:03 of 1st period - Stopped by David Leggio without a rebound.
10:04 of 1st period - Vincent Lecavalier wins face-off versus Adam Cracknell in Barracuda zone.
10:09 of 1st period - Brandon Mashinter is hit by Brendan Mikkelson and loses puck.
10:42 of 1st period - Minor Penalty to Brendan Mikkelson for Roughing.
10:43 of 1st period - Andrew Ebbett wins face-off versus Dominik Uher in Barracuda zone.
11:33 of 1st period - Slapshot by Alexey Marchenko.
11:33 of 1st period - Stopped by David Leggio with a rebound.
11:35 of 1st period - Backhand shot by Alexey Marchenko.
11:35 of 1st period - Shot Misses the Net.
11:37 of 1st period - Snap shot by Adam Cracknell.
11:37 of 1st period - Shot Misses the Net.
12:03 of 1st period - Jason Chimera is hit by Alexandre Bolduc and loses puck.
12:34 of 1st period - Colin Smith is hit by Andrew Gordon and loses puck.
12:42 of 1st period - Penalty to Brendan Mikkelson is over, Brendan Mikkelson is back on ice.
12:45 of 1st period - Christian Folin is hit by Jason Chimera and loses puck.
13:06 of 1st period - Mike Halmo is hit by Adam Cracknell and loses puck.
13:13 of 1st period - Snap shot by Sean Backman.
13:13 of 1st period - Stopped by David Leggio without a rebound.
13:14 of 1st period - Domenic Monardo wins face-off versus Mike Halmo in Barracuda zone.
13:37 of 1st period - Slapshot by Peter Harrold.
13:37 of 1st period - Shot Blocked by Jyrki Jokipakka.
13:39 of 1st period - Snap shot by Willie Coetzee.
13:39 of 1st period - Stopped by David Leggio without a rebound.
13:40 of 1st period - Josh Gratton wins face-off versus Vincent Lecavalier in Barracuda zone.
13:41 of 1st period - Wrist shot by Willie Coetzee.
13:41 of 1st period - Stopped by David Leggio without a rebound.
13:42 of 1st period - Josh Gratton wins face-off versus Vincent Lecavalier in Barracuda zone.
13:59 of 1st period - Wrist shot by Alexandre Bolduc.
13:59 of 1st period - Shot Misses the Net.
14:31 of 1st period - Julien Brouillette is hit by David Van Der Gulik and loses puck.
14:44 of 1st period - Taylor Chorney is hit by Aaron Ness and loses puck.
16:00 of 1st period - Snap shot by Andrew Ebbett.
16:00 of 1st period - Stopped by David Leggio with a rebound.
16:02 of 1st period - Minor Penalty to Mark Fistric for High sticking.
16:03 of 1st period - Dominik Uher wins face-off versus Adam Cracknell in Barracuda zone.
16:20 of 1st period - Slapshot by Ben Chiarot.
16:20 of 1st period - Shot Blocked by Brendan Mikkelson.
16:38 of 1st period - Wrist shot by Andrew Ebbett.
16:38 of 1st period - Shot Misses the Net.
17:04 of 1st period - Dominik Uher is hit by Andrew Gordon.
17:27 of 1st period - Wrist shot by Alexandre Bolduc.
17:27 of 1st period - Stopped by Drew MacIntyre with a rebound.
18:02 of 1st period - Penalty to Mark Fistric is over, Mark Fistric is back on ice.
18:09 of 1st period - Minor Penalty to Mike Halmo for High sticking.
18:10 of 1st period - Dominik Uher wins face-off versus Adam Cracknell in Barracuda zone.
Goals for this period are 1 for Checkers vs 0 for Barracuda.
Shots for this period are 18 for Checkers vs 4 for Barracuda.

2nd period


0:01 of 2nd period - Dominik Uher wins face-off versus Adam Cracknell in neutral zone.
0:09 of 2nd period - Penalty to Mike Halmo is over, Mike Halmo is back on ice.
0:10 of 2nd period - Snap shot by Mark McNeill.
0:10 of 2nd period - Shot Misses the Net.
0:12 of 2nd period - Slapshot by Brendan Mikkelson.
0:12 of 2nd period - Shot Hit the Post.
0:28 of 2nd period - Snap shot by Adam Cracknell.
0:28 of 2nd period - Deflect By Brandon Mashinter.
0:28 of 2nd period - Shot Misses the Net.
0:28 of 2nd period - Puck is out of play.
0:29 of 2nd period - Andrew Ebbett wins face-off versus Vincent Lecavalier in Barracuda zone.
0:41 of 2nd period - Slapshot by Jason Chimera.
0:41 of 2nd period - Stopped by David Leggio with a rebound.
0:43 of 2nd period - Slapshot by Ben Chiarot.
0:43 of 2nd period - Stopped by David Leggio with a rebound.
0:45 of 2nd period - Snap shot by Jason Chimera.
0:45 of 2nd period - Goal by Jason Chimera - Checkers : 2 - Barracuda : 0.
0:46 of 2nd period - Andrew Ebbett wins face-off versus Colin Smith in neutral zone.
1:02 of 2nd period - Snap shot by Colin Smith.
1:02 of 2nd period - Shot Blocked by Alexey Marchenko.
1:14 of 2nd period - Slapshot by Jason Chimera.
1:14 of 2nd period - Stopped by David Leggio with a rebound.
1:16 of 2nd period - Wrist shot by Jason Chimera.
1:16 of 2nd period - Goal by Jason Chimera - Checkers : 3 - Barracuda : 0.
1:17 of 2nd period - Vincent Lecavalier wins face-off versus Adam Cracknell in neutral zone.
2:31 of 2nd period - Wrist shot by Colin Smith.
2:31 of 2nd period - Stopped by Drew MacIntyre without a rebound.
2:32 of 2nd period - Domenic Monardo wins face-off versus Rylan Schwartz in Checkers zone.
2:37 of 2nd period - Slapshot by Alexey Marchenko.
2:37 of 2nd period - Shot Misses the Net.
2:39 of 2nd period - Slapshot by Ben Chiarot.
2:39 of 2nd period - Stopped by David Leggio with a rebound.
2:47 of 2nd period - Jyrki Jokipakka is hit by Ben Chiarot and loses puck.
2:56 of 2nd period - Slapshot by Ben Chiarot.
2:56 of 2nd period - Stopped by David Leggio with a rebound.
3:17 of 2nd period - Icing by Alexey Marchenko.
3:18 of 2nd period - Mark McNeill wins face-off versus Wacey Hamilton in Checkers zone.
3:23 of 2nd period - Icing by Wacey Hamilton.
3:24 of 2nd period - Wacey Hamilton wins face-off versus Mark McNeill in Checkers zone.
5:07 of 2nd period - Snap shot by Andrew Gordon.
5:07 of 2nd period - Stopped by David Leggio without a rebound.
5:08 of 2nd period - Rylan Schwartz wins face-off versus Adam Cracknell in Barracuda zone.
5:08 of 2nd period - Rylan Schwartz is hit by Adam Cracknell.
5:29 of 2nd period - Icing by Mike Halmo.
5:30 of 2nd period - Domenic Monardo wins face-off versus Rylan Schwartz in Barracuda zone.
6:16 of 2nd period - Triston Grant is hit by Mark McNeill and loses puck.
6:57 of 2nd period - Mark McNeill is hit by Andrew Ebbett and loses puck.
7:06 of 2nd period - Minor Penalty to Alexandre Bolduc for Tripping.
7:07 of 2nd period - Dominik Uher wins face-off versus Adam Cracknell in Barracuda zone.
7:07 of 2nd period - Dominik Uher is hit by Brandon Mashinter.
7:53 of 2nd period - Christian Folin is hit by Jim O'Brien.
9:06 of 2nd period - Penalty to Alexandre Bolduc is over, Alexandre Bolduc is back on ice.
11:05 of 2nd period - Jim O'Brien is hit by Rylan Schwartz and loses puck.
11:50 of 2nd period - Wrist shot by Alexandre Bolduc.
11:50 of 2nd period - Stopped by Drew MacIntyre without a rebound.
11:51 of 2nd period - Alexandre Bolduc wins face-off versus Wacey Hamilton in Checkers zone.
12:01 of 2nd period - Slapshot by Alexey Marchenko.
12:01 of 2nd period - Deflect By Josh Gratton.
12:01 of 2nd period - Stopped by David Leggio with a rebound.
12:03 of 2nd period - Slapshot by Wacey Hamilton.
12:03 of 2nd period - Stopped by David Leggio with a rebound.
12:05 of 2nd period - Slapshot by Ben Chiarot.
12:05 of 2nd period - Stopped by David Leggio with a rebound.
12:55 of 2nd period - Snap shot by Andrew Ebbett.
12:55 of 2nd period - Shot Blocked by Rylan Schwartz.
13:12 of 2nd period - Eric Selleck is hit by Ben Chiarot and loses puck.
13:45 of 2nd period - Alexandre Bolduc is hit by Adam Cracknell and loses puck.
14:30 of 2nd period - Off-side.
14:31 of 2nd period - Andrew Ebbett wins face-off versus Mark McNeill in neutral zone.
15:30 of 2nd period - Jyrki Jokipakka is hit by Brandon Mashinter and loses puck.
16:30 of 2nd period - Snap shot by Andrew Ebbett.
16:30 of 2nd period - Deflect By Jason Chimera.
16:30 of 2nd period - Shot Blocked by David Van Der Gulik.
16:30 of 2nd period - Puck is out of play.
16:31 of 2nd period - Rylan Schwartz wins face-off versus Andrew Ebbett in Barracuda zone.
16:31 of 2nd period - Rylan Schwartz is hit by Andrew Ebbett.
17:47 of 2nd period - Alexandre Bolduc is hit by Brandon Mashinter and loses puck.
18:50 of 2nd period - Mike Halmo is hit by Domenic Monardo and loses puck.
19:53 of 2nd period - Mike Halmo is hit by Ben Chiarot and loses puck.
Goals for this period are 2 for Checkers vs 0 for Barracuda.
Shots for this period are 11 for Checkers vs 2 for Barracuda.

3rd period


0:01 of 3rd period - Andrew Ebbett wins face-off versus Vincent Lecavalier in neutral zone.
0:52 of 3rd period - David Van Der Gulik is hit by Brandon Mashinter and loses puck.
1:34 of 3rd period - Brendan Mikkelson is hit by Triston Grant and loses puck.
3:15 of 3rd period - Andrew Ebbett is hit by Vincent Lecavalier and loses puck.
3:50 of 3rd period - Adam Cracknell is hit by Eric Selleck and loses puck.
4:03 of 3rd period - Snap shot by Adam Cracknell.
4:03 of 3rd period - Shot Misses the Net.
4:23 of 3rd period - Snap shot by Alexey Marchenko.
4:23 of 3rd period - Deflect By Triston Grant.
4:23 of 3rd period - Stopped by David Leggio with a rebound.
4:25 of 3rd period - Slapshot by Alexey Marchenko.
4:25 of 3rd period - Stopped by David Leggio with a rebound.
4:27 of 3rd period - Wrist shot by Ben Chiarot.
4:27 of 3rd period - Shot Blocked by Jyrki Jokipakka.
4:29 of 3rd period - Slapshot by Ben Chiarot.
4:29 of 3rd period - Stopped by David Leggio with a rebound.
5:05 of 3rd period - Snap shot by Alexandre Bolduc.
5:05 of 3rd period - Stopped by Drew MacIntyre with a rebound.
5:15 of 3rd period - Snap shot by Alexandre Bolduc.
5:15 of 3rd period - Shot Misses the Net.
6:23 of 3rd period - Icing by Domenic Monardo.
6:24 of 3rd period - Eric Selleck wins face-off versus Domenic Monardo in Checkers zone.
6:39 of 3rd period - Snap shot by Mike Halmo.
6:39 of 3rd period - Shot Misses the Net.
7:03 of 3rd period - Wrist shot by Petteri Lindbohm.
7:03 of 3rd period - Stopped by David Leggio with a rebound.
7:13 of 3rd period - Snap shot by Peter Harrold.
7:13 of 3rd period - Deflect By Dominik Uher.
7:13 of 3rd period - Stopped by David Leggio without a rebound.
7:14 of 3rd period - Vincent Lecavalier wins face-off versus Adam Cracknell in Barracuda zone.
7:57 of 3rd period - Mike Halmo is hit by Ben Chiarot and loses puck.
9:12 of 3rd period - Snap shot by Maxime Fortunus.
9:12 of 3rd period - Stopped by Drew MacIntyre with a rebound.
9:17 of 3rd period - Off-side.
9:18 of 3rd period - Domenic Monardo wins face-off versus Colin Smith in neutral zone.
9:23 of 3rd period - Slapshot by Alexey Marchenko.
9:23 of 3rd period - Deflect By Triston Grant.
9:23 of 3rd period - Stopped by David Leggio with a rebound.
9:25 of 3rd period - Slapshot by Ben Chiarot.
9:25 of 3rd period - Shot Blocked by Taylor Chorney.
9:27 of 3rd period - Slapshot by Sean Backman.
9:27 of 3rd period - Shot Misses the Net.
9:29 of 3rd period - Slapshot by Ben Chiarot.
9:29 of 3rd period - Stopped by David Leggio without a rebound.
9:30 of 3rd period - Domenic Monardo wins face-off versus Vincent Lecavalier in Barracuda zone.
9:31 of 3rd period - Wrist shot by Alexey Marchenko.
9:31 of 3rd period - Deflect By Sean Backman.
9:31 of 3rd period - Stopped by David Leggio without a rebound.
9:32 of 3rd period - Vincent Lecavalier wins face-off versus Domenic Monardo in Barracuda zone.
9:51 of 3rd period - Slapshot by Ben Chiarot.
9:51 of 3rd period - Shot Misses the Net.
9:53 of 3rd period - Slapshot by Alexey Marchenko.
9:53 of 3rd period - Stopped by David Leggio with a rebound.
9:55 of 3rd period - Slapshot by Alexey Marchenko.
9:55 of 3rd period - Shot Misses the Net.
10:00 of 3rd period - Icing by Alexandre Bolduc.
10:01 of 3rd period - Vincent Lecavalier wins face-off versus Adam Cracknell in Barracuda zone.
10:50 of 3rd period - Slapshot by Dominik Uher.
10:50 of 3rd period - Stopped by Drew MacIntyre without a rebound.
10:51 of 3rd period - Colin Smith wins face-off versus Andrew Ebbett in Checkers zone.
11:02 of 3rd period - Maxime Fortunus is hit by Jim O'Brien and loses puck.
12:07 of 3rd period - Jyrki Jokipakka is hit by Aaron Ness and loses puck.
12:19 of 3rd period - Off-side.
12:20 of 3rd period - Wacey Hamilton wins face-off versus Rylan Schwartz in neutral zone.
13:27 of 3rd period - Ben Chiarot is hit by Maxime Fortunus.
13:37 of 3rd period - Maxime Fortunus is hit by Adam Cracknell and loses puck.
16:04 of 3rd period - Minor Penalty to Petteri Lindbohm for High sticking.
16:05 of 3rd period - Domenic Monardo wins face-off versus Colin Smith in Checkers zone.
16:23 of 3rd period - Wrist shot by David Van Der Gulik.
16:23 of 3rd period - Shot Misses the Net.
16:48 of 3rd period - Sean Backman is hit by Christian Folin and loses puck.
16:59 of 3rd period - Snap shot by Vincent Lecavalier.
16:59 of 3rd period - Shot Misses the Net.
17:01 of 3rd period - Slapshot by Taylor Chorney.
17:01 of 3rd period - Shot Blocked by Alexey Marchenko.
17:27 of 3rd period - Slapshot by Mark McNeill.
17:27 of 3rd period - Deflect By Peter Harrold.
17:27 of 3rd period - Shot Blocked by Willie Coetzee.
17:27 of 3rd period - Puck is out of play.
17:28 of 3rd period - Wacey Hamilton wins face-off versus Vincent Lecavalier in Checkers zone.
18:04 of 3rd period - Penalty to Petteri Lindbohm is over, Petteri Lindbohm is back on ice.
18:14 of 3rd period - Minor Penalty to Brandon Mashinter for Interference.
18:15 of 3rd period - Domenic Monardo wins face-off versus Mark McNeill in Checkers zone.
19:14 of 3rd period - Peter Harrold is hit by Mark McNeill and loses puck.
19:35 of 3rd period - Wrist shot by Dominik Uher.
19:35 of 3rd period - Stopped by Drew MacIntyre with a rebound.
19:53 of 3rd period - Slapshot by Christian Folin.
19:53 of 3rd period - Deflect By Alexandre Bolduc.
19:53 of 3rd period - Shot Misses the Net.
19:53 of 3rd period - Puck is out of play.
19:54 of 3rd period - Rylan Schwartz wins face-off versus Wacey Hamilton in Checkers zone.
19:55 of 3rd period - Slapshot by Alexandre Bolduc.
19:55 of 3rd period - Stopped by Drew MacIntyre with a rebound.
19:57 of 3rd period - Slapshot by Christian Folin.
19:57 of 3rd period - Deflect By Alexandre Bolduc.
19:57 of 3rd period - Stopped by Drew MacIntyre with a rebound.
19:59 of 3rd period - Snap shot by Rylan Schwartz.
19:59 of 3rd period - Shot Misses the Net.
Goals for this period are 0 for Checkers vs 0 for Barracuda.
Shots for this period are 9 for Checkers vs 6 for Barracuda.